 Dungeon Crawl Stone Soup version 0.15.0-13-gb296d5c (webtiles) character file.

86 Fluffy the Sneak (level 4, 0/30 HPs)
             Began as a Vampire Enchanter on Sept 3, 2014.
             Slain by Sigmund
             ... wielding a +0 scythe
              (6 damage)
             ... on Level 2 of the Dungeon.
             The game lasted 00:13:40 (2407 turns).

Fluffy the Sneak (Vampire Enchanter)                Turns: 2407, Time: 00:13:40

HP   0/30        AC  3     Str  7      XL: 4   Next: 27%
MP   2/8         EV 13     Int 17      God:
Gold 122         SH  0     Dex 15      Spells:  2 memorised,  5 levels left

rFire  . . .     SeeInvis +     a - +1 dagger
rCold  . . .     Clarity  .     b - +1 robe
rNeg   + . .     rCorr    +     (no shield)
rPois  .         rRot     .     (no helmet)
rElec  .         Spirit   .     (no cloak)
SustAb .         Warding  .     (no gloves)
rMut   .         Stasis   .     (no boots)
Gourm  .                        i - amulet of resist corrosion
MR     .....                    (no ring)
                                (no ring)

@: not resistant to hostile enchantments, fairly stealthy
A: fangs 3, see invisible, unbreathing
a: Bat Form


You were on level 2 of the Dungeon.
You were not thirsty.

You visited 1 branch of the dungeon, and saw 2 of its levels.

You collected 122 gold pieces.

Inventory:

Hand weapons
 a - a +1 dagger (weapon)
Armour
 b - a +1 robe (worn)
Scrolls
 h - 3 scrolls of identify {unknown}
 j - a scroll of amnesia {unknown}
Jewellery
 i - an amulet of resist corrosion (around neck)
Potions
 d - a potion of coagulated blood
 e - a potion of curing {unknown}
 f - a potion of decay {unknown}
 g - 2 potions of brilliance {unknown}
 k - a potion of cancellation {unknown}
 l - a potion of resistance {unknown}
 m - a potion of flight {unknown}
Books
 c - a book of Maledictions

   Spells                             Type                      Level
   *Corona                            Hexes                        1
   Sure Blade                         Hexes/Charms                 2
   *Ensorcelled Hibernation           Hexes/Ice                    2
   Confuse                            Hexes                        3
   Dazzling Spray                     Conjuration/Hexes            3
   Enslavement                        Hexes                        4


   Skills:
 + Level 1.3 Short Blades
 + Level 2.6 Dodging
 + Level 5.7 Stealth
 + Level 2.7 Spellcasting
 + Level 5.0 Hexes
 + Level 1.0 Ice Magic


You had 5 spell levels left.
You knew the following spells:

 Your Spells              Type           Power        Failure   Level  Hunger
a - Corona                Hex            ###....      2%          1    #......
b - Ensorcelled Hibernat  Hex/Ice        ##....       10%         2    ##.....


Dungeon Overview and Level Annotations

Branches:
Dungeon (2/15)

Altars:

Annotations:
D:2 Sigmund


Innate Abilities, Weirdness & Mutations

You have razor-sharp teeth.
You have supernaturally acute eyesight.
You can survive without breathing.


Message History

Sigmund is severely wounded.
You hit Sigmund but do no damage. Your bite misses Sigmund.
Sigmund is severely wounded.
Sigmund closely misses you.
You closely miss Sigmund.
Sigmund is severely wounded.
Sigmund gestures at you while chanting. The puff of flame hits you!
* * * LOW HITPOINT WARNING * * *
Drink which item? (? for menu, Esc to quit)
Okay, then.
You hit Sigmund but do no damage.
Sigmund is severely wounded.
Sigmund closely misses you.
You hit Sigmund but do no damage. You bite Sigmund.
Sigmund is severely wounded.
You barely miss Sigmund.
Sigmund is severely wounded.
Sigmund hits you with a scythe.
You die...

.####.#............##.#
#.....# .
#.....###.........#
#.#####
#.....#.#)#############
###.........^........#
#....................#
#.#####.#............#
#.#####.##...........##
...........#+##........#
..#####+#.#+##@.......#
#.........@......# ..
#...#............ ..#
#...#............ . ..
#...#####........ #.#
#)....)......... #..
#..............
##.##.###'#..........
..........+........


You could see Sigmund.

Vanquished Creatures
  3 adders (D:2)
  A worm (D:2)
  2 giant geckos
  2 ball pythons (D:2)
  3 giant cockroaches
  5 hobgoblins (D:1)
  7 bats
  10 goblins
  6 kobolds
  10 rats
49 creatures vanquished.

Notes
Turn   | Place    | Note
--------------------------------------------------------------
     0 | D:1      | Fluffy, the Vampire Enchanter, began the quest for the Orb.
     0 | D:1      | Reached XP level 1. HP: 13/13 MP: 3/3
   366 | D:1      | Reached XP level 2. HP: 17/19 MP: 2/4
   372 | D:1      | Learned a level 2 spell: Ensorcelled Hibernation
   599 | D:1      | Reached skill level 5 in Stealth
  1407 | D:1      | Reached XP level 3. HP: 24/24 MP: 0/6
  1890 | D:2      | Reached skill level 1 in Ice Magic
  2007 | D:2      | Reached skill level 5 in Hexes
  2007 | D:2      | Reached XP level 4. HP: 30/30 MP: 5/8
  2031 | D:2      | Noticed Sigmund
  2407 | D:2      | Slain by Sigmund

Action                   |  1- 3 |  4- 6 || total
-------------------------+-------+-------++-------
Melee: Dagger            |    78 |    21 ||    99
 Cast: Corona            |    12 |       ||    12
       Ensorcelled Hiber |    27 |    14 ||    41
 Stab: Sleeping          |    30 |     9 ||    39
  Eat: Corpse            |     5 |     3 ||     8
